 Dungeon Crawl Stone Soup version 0.29-a0-1043-g569b05d6ff (webtiles) character file.

Game seed: 7222282536007382887

27 Zeldest the Sneak (level 3, -5/31 HPs)
             Began as a Meteoran Delver on Aug 16, 2022.
             Was a Follower of Wu Jian.
             Killed by nerve-wracking pain
             ... invoked by Jessica
              (13 damage)
             ... on level 2 of the Dungeon.
             The game lasted 00:05:10 (696 turns).

Zeldest the Sneak (Meteoran Delver)                  Turns: 696, Time: 00:05:11

Health: -5/31      AC:  3    Str: 15    XL:     3   Next: 44%
Magic:  4/4        EV: 12    Int: 18    God:    Wu Jian [*.....]
Gold:   85         SH:  0    Dex: 15    Spells: 2/2 levels left

rFire   . . .      SeeInvis .   a - +0 hand axe
rCold   . . .      Faith    +   (no shield)
rNeg    . . .      Spirit   .   b - +0 leather armour
rPois   .          Reflect  .   (no helmet)
rElec   .          Harm     .   (no cloak)
rCorr   .          Rampage  .   (no gloves)
Will    .....                   (no boots)
Stlth   +.........              j - amulet of faith
HPRegen 0.10/turn               f - +6 ring of intelligence
MPRegen 0.09/turn               (no ring)

@: mighty, glowing
A: sense surroundings 1, otherworldly, glowing, explore regen
a: Renounce Religion


You were on level 2 of the Dungeon.
You worshipped Wu Jian.
Wu Jian was aware of your devotion.
You visited 2 branches of the dungeon, and saw 6 of its levels.

You collected 85 gold pieces.

Inventory:

Hand Weapons
 a - a +0 hand axe (weapon)
Armour
 b - a +0 leather armour (worn)
Jewellery
 f - a +6 ring of intelligence (left hand)
 j - an amulet of faith (around neck)
Wands
 g - a wand of digging (3)
Scrolls
 c - a scroll of fog
 d - a scroll of teleportation {unknown}
 h - a scroll of blinking {unknown}
 l - 3 scrolls of magic mapping
 m - a scroll of identify {unknown}
 n - a scroll of immolation {unknown}
 p - a scroll of enchant armour {unknown}
Potions
 e - a potion of lignification {unknown}


   Skills:
 + Level 3.6 Fighting
 * Level 3.3 Axes
 + Level 1.3 Armour
 + Level 2.6 Dodging
 - Level 3.7 Stealth


You had 2 spell levels left.
You didn't know any spells.
Your spell library contained the following spells:

 Spells                   Type           Power      Damage    Failure   Level
 Call Canine Familiar     Summ           0%         N/A       63%         3
 Portal Projectile        Hex/Tloc       0%         N/A       63%         3
 Leda's Liquefaction      Hex/Erth       0%         N/A       95%         4


Dungeon Overview and Level Annotations

Branches:
Dungeon (5/15) Zot: 2333   Temple (1/1) D:5 Zot: 578

Altars:
Hepliaklqana
Nemelex Xobeh
Okawaru
Ru
Sif Muna
Trog
Uskayaw
Vehumet
Wu Jian
Yredelemnul
Zin

Annotations:
D:2 Jessica


Innate Abilities, Weirdness & Mutations

You passively map a small area around you.
You are easily found by Zot.
You glow in the dark.
You regain HP and MP as you explore.


Message History

Jessica the Apprentice Sorceress comes into view.
She is wielding a +1 dagger of electrocution and carrying a wand of flame (15).
Found a hand axe.
Jessica shouts!
Jessica gestures at you while chanting. Pain shoots through your body!
There is an open door here.
Jessica gestures wildly.
Press: ? - help, v - describe, . - travel
Here: Jessica, wielding a +1 dagger of electrocution, wearing a +0 robe and carrying a wand of flame (15)
The floor.
Okay, then.
Okay, then.
Okay, then.
You lunge at Jessica.
You closely miss Jessica.
Jessica mumbles some strange words.
Jessica seems to speed up.
You barely miss Jessica. Jessica misses you.
Jessica casts a spell.
Jessica blinks!
Jessica zaps a wand.
The puff of flame hits you!
Okay, then.
Okay, then.
It was a potion of curing.
You feel better.
Jessica points at you and mumbles some strange words.
You barely resist.
It was a potion of cancellation.
You feel magically purged.
It was a potion of might.
You feel very mighty all of a sudden.
You barely miss Jessica. Jessica gestures at you while chanting.
Pain shoots through your body!
Jessica zaps a wand.
The puff of flame hits you!
You barely miss Jessica. Jessica hits you but does no damage.
Jessica points at you and mumbles some strange words.
Pain shoots through your body!
* * * LOW HITPOINT WARNING * * *
You slash Jessica!
Jessica is almost dead.
Jessica gestures at you while chanting. Pain shoots through your body!
You die...

* * , ,, , *
,#######+## ,, *
#........# #........#
#.!).....# *
#........#....* ,
,#.@......#....## ,
,#.@......#.....
#........#....#* *#
#........#.<#.#* .
.<..##'#######....##.#
#..............#....#
#####.#.###.#....# .
#.....#.)....##.
#####.#..........
#........##.#


You could see Jessica (fast).

Vanquished Creatures
  4 endoplasms
  A giant cockroach (D:4)
  3 goblins
  4 jackals (D:1)
  A quokka (D:5)
  2 ball pythons
  4 bats
  2 kobolds (D:1)
  3 rats
24 creatures vanquished.

Notes
Turn   | Place    | Note
-------+----------+-------------------------------------------
     0 | D:5      | Zeldest the Meteoran Delver began the quest for the Orb.
     0 | D:5      | Reached XP level 1. HP: 19/19 MP: 2/2
     4 | D:5      | Found a radiant altar of Vehumet.
    34 | D:5      | Noticed an orc priest
    34 | D:5      | Noticed an orc priest
    40 | D:5      | Found a staircase to the Ecumenical Temple.
    40 | D:5      | Noticed a scorpion
    46 | D:5      | Noticed an iguana
    54 | D:5      | Noticed an orc priest
    55 | Temple   | Entered the Ecumenical Temple
    68 | Temple   | Became a worshipper of the Wu Jian Council
   100 | D:4      | Found a sacrificial altar of Ru.
   141 | D:4      | Noticed a hound
   267 | D:3      | Noticed an orc wizard
   267 | D:3      | Noticed an orc wizard
   268 | D:3      | Noticed an orc priest
   297 | D:2      | Reached XP level 2. HP: 23/26 MP: 3/3
   348 | D:2      | Found a faded altar of an unknown god.
   395 | D:2      | Reached skill level 1 in Armour
   450 | D:1      | Reached XP level 3. HP: 22/31 MP: 4/4
   522 | D:1      | Reached * piety under Wu Jian
   668 | D:1      | You fall into a shaft and drop 1 floor!
   685 | D:2      | Noticed Jessica
   696 | D:2      | Killed from afar by Jessica

Illustrated notes

Levels and vault maps discovered:
D:1:      minmay_arrival_diagonal_passages, layout_loops_cross
D:2:      kb_forest_paths, layout_basic, shapermc_ecumenical_altar_totnotflames,
          minivault_25, minmay_diced_spiral, uniq_jessica
D:3:      layout_rooms, hangedman_decor_growths, grunt_decor_clamped,
          nicolae_shop_unique_rings
D:4:      layout_rooms, old_standard_altar, serial_shops, nicolae_shop_trees,
          st_stairs_10
D:5:      minmay_goblin_kobold_castle, layout_cave_pools,
          brannock_xom_greatest_gift, nicolae_vehumet_radiance,
          minmay_temple_entry_arrows, portal_sewer_entry_b, serial_shops, shop
Temple:   nicolae_temple_bog_church

Skill      XL: |  1  2 |
---------------+-------+-----
Axes           | 3 |  3.3
Armour         | 1 |  1.3
Fighting       | |  3.6
Dodging        | |  2.6
Stealth        | |  3.7

Action                   || total
-------------------------++-------
Melee: Hand axe          ||    65
Invok: Lunge             ||     7
  Use: Scroll            ||     3
       Potion            ||     4
 Stab: Sleeping          ||     1
Armor: Leather armour    ||    29
Dodge: Dodged            ||    42

Table legend: (Time is in decaauts)
 A = Elapsed time spent in this place.
 B = Non-inter-level travel time spent in this place.
 C = Inter-level travel time spent in this place.
 D = Time resting spent in this place.
 E = Time spent auto-exploring this place.
 F = Levels seen in this place.
 G = Mean time per level.
                   A        B        C        D        E       F      G
               +--------+--------+--------+--------+--------+-----+--------+
         Total |    687 |    644 |     43 |      0 |      0 |   6 |  114.5 |
       Dungeon |    665 |    622 |     43 |      0 |      0 |   5 |  133.0 |
        Temple |     21 |     21 |      0 |      0 |      0 |   1 |   21.0 |
               +--------+--------+--------+--------+--------+-----+--------+

Top non-repeatable levels by time:
     D:1: 232 daAuts
     D:2: 179 daAuts
     D:3: 99 daAuts
     D:4: 94 daAuts
     D:5: 59 daAuts
  Temple: 21 daAuts
